 Dungeon Crawl Stone Soup version 0.31-a0-940-gdaa99269f9 (webtiles) character file.

Game seed: 9382281358275214260

1037 senseless the Ruffian (level 8, 0/68 HPs)
             Began as a Purple Draconian Shapeshifter on Oct 20, 2023.
             Was a Priest of Lugonu.
             Succumbed to Edmund's poison
             ... on level 4 of the Dungeon.
             The game lasted 00:13:13 (4463 turns).

senseless the Ruffian (DrSh)                        Turns: 4463, Time: 00:13:13

Health: 0/68       AC:  6    Str: 17 (19) XL:     8   Next: 4%
Magic:  8/8        EV: 12    Int:  8 (11) God:    Lugonu [***...]
Gold:   246        SH:  0    Dex:  9 (10) Spells: 7/7 levels left

rFire   . .          .
                       - Unarmed
rCold   . . .        (no shield)
rNeg    . . .        (body armour unavailable)
rPois   +            (helmet currently unavailable)
rElec   .            (cloak currently unavailable)
rCorr   .            (gloves currently unavailable)
SInv    .            (boots currently unavailable)
Will    +....        (no amulet)
Stlth   +            (no ring)
HPRegen 0.31/turn    (no ring)
MPRegen 0.11/turn

%: no passive effects
@: lethally poisoned (0 -> -4), beast-form, on berserk cooldown, hasted and
slowed
A: beast (slay +2), breathe power, AC +6, unfitting armour, cold-blooded, poison
resistance, teleportitis 1
a: Breathe Dispelling Energy, Begin Untransformation, Renounce Religion, Depart
the Abyss, Banish


You were on level 4 of the Dungeon.
You worshipped Lugonu.
Lugonu was most pleased with you.
You were a hulking beast.
You visited 1 branch of the dungeon, and saw 4 of its levels.
You also visited: Sewer.

You collected 246 gold pieces.

Inventory:

Missiles
 e - 3 darts of dispersal
 p - 4 curare-tipped darts
 q - 22 poisoned darts
Armour
 f - a +0 pair of gloves
 n - a +0 pair of gloves
Talismans
 b - a beast talisman (active)
 c - a flux talisman
Scrolls
 j - 2 scrolls of blinking
 k - a scroll of fog {unknown}
 l - 2 scrolls of teleportation
 s - a scroll of enchant weapon {unknown}
Potions
 a - a potion of lignification
 h - 2 potions of enlightenment
 i - 3 potions of magic
 o - a potion of haste


   Skills:
 + Level 5.1 Fighting
 + Level 1.1 Throwing
 + Level 4.4 Dodging
 + Level 5.4 Unarmed Combat
 + Level 5.1 Shapeshifting


You had 7 spell levels left.
You didn't know any spells.
Your spell library contained the following spells:

 Spells                   Type           Power      Damage    Failure   Level
 Apportation              Tloc           0%         N/A       41%         1
 Magic Dart               Conj           0%         1d3       41%         1
 Necrotise                Necr           0%         1d4       41%         1
 Summon Small Mammal      Summ           0%         N/A       41%         1
 Call Imp                 Summ           0%         N/A       54%         2
 Lesser Beckoning         Tloc           0%         N/A       54%         2
 Gell's Gravitas          Tloc           0%         N/A       78%         3
 Mephitic Cloud           Conj/Pois/Air  0%         N/A       78%         3
 Teleport Other           Tloc           0%         N/A       78%         3


Dungeon Overview and Level Annotations

Branches:
Dungeon (4/15)              Sewer (visited)
 Temple: D:4-7

Altars:
Cheibriados
Nemelex Xobeh
Sif Muna
Uskayaw
Lugonu

Shops:
D:2 (


Innate Abilities, Weirdness & Mutations

You are a hulking beast.
Your limbs bulge with bestial killing power. (Slay +2)
You can breathe bolts of dispelling energy.
Your rich purple scales are hard. (AC +6)
You cannot fit into any form of body armour.
You are cold-blooded and may be slowed by cold attacks.
Your system is resistant to poisons. (rPois)
You are occasionally teleported next to monsters.


Message History

You are lethally poisoned!
You hit Edmund. You tail-slap Edmund.
You kill Edmund!
Lugonu accepts your kill.
* * * LOW HITPOINT WARNING * * *
You feel very sick.
Your Throwing skill increases to level 1!
You have reached level 8!
You feel clever.
There is a lethal amount of poison in your body!
It was a potion of degeneration.
There was something very wrong with that liquid.
You feel weakened.
You feel dopey.
You feel clumsy.
* * * LOW HITPOINT WARNING * * *
You feel very sick.
It was a potion of mutation.
You feel extremely strange.
You feel weirdly uncertain.
You feel resistant to poisons.
* * * LOW HITPOINT WARNING * * *
You feel very sick.
It was a potion of berserk rage.
A red film seems to cover your vision as you go berserk!
You feel yourself moving faster!
You feel mighty!
* * * LOW HITPOINT WARNING * * *
You feel very sick.
You are too berserk!
You start resting.
You feel a strong urge to attack something.
* * * LOW HITPOINT WARNING * * *
You feel sick.
* * * LOW HITPOINT WARNING * * *
You feel sick.
You feel your anger nearly subside.
You are no longer berserk.
You are exhausted.
You feel yourself slow down.
* * * LOW HITPOINT WARNING * * *
You feel sick.
* * * LOW HITPOINT WARNING * * *
You feel sick.
It was a potion of haste.
You feel yourself speed up.
You die...

... #.# #.# # ###.# .#
##...######## .#
).#..#....... #.#
§.#.......... ..#
§.#...†##########..##.#
≈.#.............h)....#
≈.#..##########.###.###
§§#.#.# #.# ≈§##.## #.#
≈.#.## #.. ..#.# ###
##..# ####


There were no monsters in sight!

Vanquished Creatures
  Edmund (D:4)
  8 kobold brigands (Sewer)
  3 hounds (D:4)
  An orc priest (D:4)
  An iguana (D:4)
  An orc wizard (D:4)
  3 river rats
  6 adders
  5 worms
  2 dart slugs
  12 orcs
  10 endoplasms
  6 giant cockroaches
  5 goblins
  3 hobgoblins
  3 jackals (D:3)
  A quokka (D:1)
  15 ball pythons
  5 bats
  3 frilled lizards
  5 kobolds
  13 rats
112 creatures vanquished.

Notes
Turn   | Place    | Note
-------+----------+-------------------------------------------
     0 | D:1      | senseless the Draconian Shapeshifter began the quest for
                  | the Orb.
     0 | D:1      | Reached XP level 1. HP: 16/16 MP: 1/1
   233 | D:1      | Reached XP level 2. HP: 23/23 MP: 2/2
   282 | D:1      | Found a faded altar of an unknown god.
   332 | D:1      | Prayed at the altar of an unknown god.
   332 | D:1      | Became a worshipper of Lugonu the Unformed
   332 | D:1      | Reached * piety under Lugonu
   825 | D:2      | Reached XP level 3. HP: 26/29 MP: 3/3
   897 | D:2      | Found Musidgh's Weapon Shoppe.
  1242 | D:2      | You fall into a shaft and drop 2 floors!
  1242 | D:4      | Identified the of Sabohext
  1282 | D:4      | Reached XP level 4. HP: 23/37 MP: 4/4
  1356 | D:3      | Found a sparkling altar of Nemelex Xobeh.
  1452 | D:3      | Reached ** piety under Lugonu
  1516 | D:3      | Noticed a +0 dagger
  1516 | D:3      | Noticed a +0 hand axe
  1517 | D:3      | Found a hide-covered altar of Uskayaw.
  1959 | D:3      | Found a glowing drain.
  1965 | Sewer    | Entered a sewer
  2024 | Sewer    | Noticed a kobold brigand
  2053 | Sewer    | Killed a kobold brigand
  2054 | Sewer    | Reached XP level 5. HP: 15/45 MP: 5/5
  2263 | Sewer    | Reached XP level 6. HP: 40/51 MP: 6/6
  2816 | Sewer    | Your scales start taking on a rich purple colour.
  2816 | Sewer    | Reached XP level 7. HP: 59/59 MP: 7/7
  3054 | Sewer    | Reached skill level 5 in Unarmed Combat
  3101 | Sewer    | Reached *** piety under Lugonu
  3949 | D:4      | Found a shimmering blue altar of Sif Muna.
  4220 | D:4      | Found a snail-covered altar of Cheibriados.
  4403 | D:4      | Reached skill level 5 in Fighting
  4403 | D:4      | Reached skill level 5 in Shapeshifting
  4440 | D:4      | Noticed Edmund
  4455 | D:4      | Killed Edmund
  4456 | D:4      | Reached skill level 1 in Throwing
  4456 | D:4      | Reached XP level 8. HP: 18/68 MP: 8/8
  4457 | D:4      | Gained mutation: You are occasionally teleported next to
                  | monsters. [potion of mutation]
  4457 | D:4      | Gained mutation: Your system is resistant to poisons.
                  | (rPois) [potion of mutation]
  4462 | D:4      | HP: 2/68 [poisoned by Edmund]
  4463 | D:4      | Succumbed to Edmund's poison

Illustrated notes

Levels and vault maps discovered:
D:1:      elethiomel_arrival_diamonds, layout_loops_ring,
          ebering_ecumenical_altar_sacrificial
D:2:      layout_basic, serial_shops, shop, minmay_misc_feat_pillars
D:3:      layout_basic, dancing_weapons_uskayaw,
          mainiacjoe_overflow_small_starburst, portal_sewer_entry_e
D:4:      layout_loops_ring, mainiacjoe_overflow_paths, led_sif_book,
          uniq_edmund

Skill      XL: |  1  2  3  4  5  6  7 |
---------------+----------------------+-----
Dodging        | 2 3 4 |  4.4
Fighting       | 2 3 4 5 |  5.1
Unarmed Combat | 4 5 |  5.4
Shapeshifting  | 4 5 |  5.1
Throwing       | 1 |  1.1

Action                     |  1- 3 |  4- 6 |  7- 9 || total
---------------------------+-------+-------+-------++-------
  Melee: Unarmed           |    90 |   184 |   140 ||   414
         Tailslap          |    13 |    15 |    19 ||    47
         Punch             |     1 |     3 |     7 ||    11
    Use: Scroll            |       |     5 |       ||     5
         Potion            |       |     2 |     5 ||     7
   Stab: Sleeping          |     4 |       |       ||     4
 Armour: Skin              |    45 |    87 |    61 ||   193
  Dodge: Dodged            |    47 |   108 |    63 ||   218

Table legend: (Time is in decaauts)
 A = Elapsed time spent in this place.
 B = Non-inter-level travel time spent in this place.
 C = Inter-level travel time spent in this place.
 D = Time resting spent in this place.
 E = Time spent auto-exploring this place.
 F = Levels seen in this place.
 G = Mean time per level.
                   A        B        C        D        E       F      G
               +--------+--------+--------+--------+--------+-----+--------+
         Total |   4652 |   4358 |    294 |    182 |   3078 |   5 |  930.4 |
       Dungeon |   2947 |   2653 |    294 |      0 |   1940 |   4 |  736.8 |
         Sewer |   1704 |   1704 |      0 |    182 |   1137 |   1 | 1704.0 |
               +--------+--------+--------+--------+--------+-----+--------+

Top non-repeatable levels by time:
   Sewer: 1704 daAuts
     D:1: 823 daAuts
     D:3: 725 daAuts
     D:4: 712 daAuts
     D:2: 686 daAuts
